 Dungeon Crawl Stone Soup version 0.19.0-20-gbc5f0c6 (webtiles) character file.

245 Janus the Skirmisher (level 6, -1/49 HPs)
             Began as a Formicid Fighter on Nov 17, 2016.
             Killed by nerve-wracking pain
             ... invoked by an orc priest
              (14 damage)
             ... on level 3 of the Dungeon.
             The game lasted 00:03:13 (1468 turns).

Janus the Skirmisher (Formicid Fighter)             Turns: 1468, Time: 00:03:14

Health: -1/49      AC:  8    Str: 26    XL:     6   Next: 32%
Magic:  6/6        EV: 10    Int:  7    God:
Gold:   64         SH: 10    Dex: 12    Spells: 0 memorised, 5 levels left

rFire  . . .     SeeInvis +     a - +0 war axe
rCold  . . .     Gourm    .     b - +0 scale mail
rNeg   . . .     Faith    .     c - +0 shield
rPois  .         Spirit   .     (helmet unavailable)
rElec  .         Reflect  .     i - +0 cloak
rCorr  .         Harm     .     (no gloves)
MR     .....                    (no boots)
Stlth  ..........               (no amulet)
                                o - +2 ring of evasion
                                e - ring of teleportation (curse)

@: mighty
A: permanent stasis, dig shafts and tunnels, four strong arms, antennae 3
a: Dig, Shaft Self


You were on level 3 of the Dungeon.
You were not hungry.

You visited 1 branch of the dungeon, and saw 3 of its levels.

You collected 64 gold pieces.

Inventory:

Hand Weapons
 a - a +0 war axe (weapon)
Armour
 b - a +0 scale mail (worn)
 c - a +0 shield (worn)
 i - a +0 cloak (worn)
Jewellery
 e - a cursed ring of teleportation (left hand)
 o - a +2 ring of evasion (right hand)
Scrolls
 g - 2 scrolls of remove curse {unknown}
 k - a scroll of random uselessness {unknown}
 l - 2 scrolls of fog {unknown}
 n - 3 scrolls of identify {unknown}
 t - a scroll of amnesia {unknown}
Potions
 h - 2 potions of flight {unknown}
 m - 3 potions of curing {unknown}
 q - a potion of berserk rage {unknown}
Comestibles
 f - a bread ration
 j - a slice of pizza
 p - 4 chunks of flesh
 r - 2 beef jerkies
 s - a meat ration


   Skills:
 + Level 4.5 Fighting
 * Level 4.0 Axes
 + Level 1.8 Throwing
 + Level 4.1 Armour
 + Level 4.3 Shields


You had 5 spell levels left.
You didn't know any spells.

Dungeon Overview and Level Annotations

Branches:
Dungeon (3/15)

Altars:
Kikubaaqudgha


Innate Abilities, Weirdness & Mutations

You are under a permanent stasis effect.
You can dig through walls and to a lower floor.
Your four strong arms can wield two-handed weapons with a shield.
You have a pair of large antennae on your head. (SInv)


Message History

You are too injured to fight recklessly!
You feel very mighty all of a sudden. The orc hits you but does no damage.
The orc priest hits you but does no damage.
The orc hits you but does no damage.
You closely miss the orc priest.
The orc priest is lightly wounded.
You closely miss the orc. You slash the orc!
You kill the orc!
You block the orc priest's attack. The orc barely misses you.
You slash the orc priest!
The orc priest is almost dead.
You hit the orc.
You kill the orc!
You block the orc priest's attack.
You completely miss the orc priest.
The orc priest is almost dead.
The orc priest calls down the wrath of Beogh upon you.
Pain shoots through your body!
You die...

####...## ....... { . ..#
...... { .##.#. .....
..... #..?# ...##### #...#
##...... #.o[# ....#.#
#.)@# ......##### #...#
..........# #.%.#######
..###.###.# ###.#......
..#...###.#### #........#
..#....##.#..# #...####.##
....._.......###.).#......
#.##....#..#.....))..# #
#.###...#..#####...####.#


You could see an orc priest.

Vanquished Creatures
  3 orc priests (D:3)
  7 adders
  4 oozes
  2 worms
  2 dart slugs
  3 leopard geckos
  10 orcs (D:3)
  2 bats (D:1)
  4 giant cockroaches
  5 hobgoblins
  A quokka (D:2)
  A ball python (D:3)
  4 frilled lizards
  7 goblins
  2 kobolds
  6 rats
63 creatures vanquished.

Notes
Turn   | Place    | Note
-------+----------+-------------------------------------------
     0 | D:1      | Janus the Formicid Fighter began the quest for the Orb.
     0 | D:1      | Reached XP level 1. HP: 18/18 MP: 1/1
    43 | D:1      | Reached XP level 2. HP: 21/24 MP: 2/2
   214 | D:1      | Reached XP level 3. HP: 29/29 MP: 3/3
   684 | D:2      | Reached XP level 4. HP: 36/37 MP: 4/4
   704 | D:2      | Reached skill level 1 in Throwing
   870 | D:2      | Reached XP level 5. HP: 27/42 MP: 5/5
  1282 | D:3      | Found an ancient bone altar of Kikubaaqudgha.
  1324 | D:3      | Reached XP level 6. HP: 37/49 MP: 6/6
  1468 | D:3      | Killed from afar by an orc priest

Skill      XL: |  1  2  3  4  5  6 |
---------------+-------------------+-----
Throwing       | 1 |  1.8
Axes           | 3 4 |  4.0
Fighting       | 4 |  4.5
Shields        | 4 |  4.3
Armour         | 4 |  4.1

Action                   |  1- 3 |  4- 6 || total
-------------------------+-------+-------++-------
Melee: War axe           |    90 |   125 ||   215
 Abil: Dig               |     1 |       ||     1
  Use: Potion            |       |     1 ||     1
  Eat: Chunk             |       |     2 ||     2
Armor: Scale mail        |    36 |    49 ||    85
Dodge: Dodged            |    31 |    51 ||    82
Block: Shield            |    40 |    96 ||   136
